cohdb
Replays
Latest Replays
All Replays
Popular Replays
Top Player Replays
Match Explorer
How It Works
Community
CoH3 Stats
Reddit
Sign in to upload your games and track your stats! →
Sign in with Steam
Match 25339082
Unlisted
Match 25339082
Overview
Messages
Build Orders
End
Kradschützen Motorcycle Team
Panzerpioneer Squad
Construct Light Support Kompanie
Assault Grenadier Squad
Fire Support Elements
2.5-tonne Medical Truck
Veteran Squad Leaders
le.IG 18 Mechanized Group
Flakvierling Half-track
Pak 38 Anti-tank Gun Team
Pak 38 Anti-tank Gun Team
Selects Armored Support Battlegroup
Construct Panzerarmee Kommand
Advanced Field Repairs
Pak 38 Mechanized Group
Boss kachalky
BaronVonKieselberg
Major König (GER)
Society is a Lie
YangXYZ
Pinky
0
0
Comments
sign in to comment!
No comments posted yet!